 Dungeon Crawl Stone Soup version 0.17-a0-1105-gbe8b664 (webtiles) character file.

6531 nubinia the Thaumaturge (level 11, 2/51 HPs)
             Began as a Vine Stalker Enchanter on May 19, 2015.
             Was a High Priest of Sif Muna.
             Quit the game on level 10 of the Dungeon on May 21, 2015.
             The game lasted 01:34:25 (12350 turns).

nubinia the Thaumaturge (Vine Stalker Enchanter)   Turns: 12350, Time: 01:34:25

Health: 2/51       AC:  7    Str: 10    XL:     11   Next: 1%
Magic:  0/24       EV: 15    Int: 18    God:    Sif Muna [*****.]
Gold:   558        SH:  0    Dex: 16    Spells: 5 memorised, 16 levels left

rFire  . . .     SeeInvis .     b - +0 blowgun
rCold  . . .     Clarity  .     z - +1 robe
rNeg   . . .     SustAb   .     (no shield)
rPois  .         Gourm    .     R - +0 helmet
rElec  .         Spirit   +     v - +0 cloak
rCorr  .         Warding  .     m - +1 pair of gloves
rMut   .         Stasis   .     (no boots)
MR     +....                    (no amulet)
Stlth  ++++......               (no ring)
                                (no ring)

@: lethally poisoned (2 -> -20), somewhat resistant to hostile enchantments,
stealthy
A: fangs 3, regeneration 2, magic shield, antimagic bite, no device heal 3, rot
immunity
a: Channel Energy, Forget Spell, Renounce Religion


You were on level 10 of the Dungeon.
You worshipped Sif Muna.
Sif Muna was extremely pleased with you.
You were not hungry.

You visited 2 branches of the dungeon, and saw 11 of its levels.

You collected 588 gold pieces.
You spent 30 gold pieces at shops.

Inventory:

Hand weapons
 a - a +2 dagger
 b - a +0 blowgun (weapon)
 G - a +1 flail of protection
 N - a +4 hunting sling
Missiles
 A - 37 poisoned needles (quivered)
 O - 281 stones
 P - 53 sling bullets
 T - 24 sling bullets of flame
 U - 7 curare-tipped needles
Armour
 m - a +1 pair of gloves (worn)
 v - a +0 cloak (worn)
 z - a +1 robe (worn)
 R - a +0 helmet (worn)
Jewellery
 r - an uncursed ring of ice
Magical devices
 y - a wand of random effects (28)
 H - a wand of flame (24)
 J - a wand of invisibility (7)
 K - a wand of frost (21)
Scrolls
 g - 2 scrolls of noise
 i - 2 scrolls of magic mapping
 j - a scroll of random uselessness
 n - 2 scrolls of fog
 q - 3 scrolls of teleportation
 u - a scroll of enchant weapon
 x - a scroll of enchant armour
 C - a scroll of recharging
 D - 2 scrolls of identify
 Q - 4 scrolls of remove curse
Potions
 e - 5 potions of lignification
 h - 6 potions of curing
 k - 2 potions of resistance
 l - 7 potions of flight
 o - a potion of invisibility
 w - a potion of might
 M - a potion of heal wounds
 S - a potion of mutation
 V - a potion of haste
 W - a potion of brilliance
 Z - a potion of cancellation
Books
 c - a book of Maledictions

   Spells                             Type                      Level
   a - Corona                         Hexes                        1
   b - Ensorcelled Hibernation        Hexes/Ice                    2
   c - Confuse                        Hexes                        3
   d - Tukima's Dance                 Hexes                        3
   e - Dazzling Spray                 Conjuration/Hexes            3
 p - a book of Flames

   Spells                             Type                      Level
   a - Flame Tongue                   Conjuration/Fire             1
   b - Throw Flame                    Conjuration/Fire             2
   c - Conjure Flame                  Conjuration/Fire             3
   d - Inner Flame                    Hexes/Fire                   3
   e - Sticky Flame                   Conjuration/Fire             4
   f - Fireball                       Conjuration/Fire             5
 Y - a book of Frost

   Spells                             Type                      Level
   a - Freeze                         Ice                          1
   b - Throw Frost                    Conjuration/Ice              2
   c - Ozocubu's Armour               Charms/Ice                   3
   d - Throw Icicle                   Conjuration/Ice              4
   e - Summon Ice Beast               Ice/Summoning                4
   f - Condensation Shield            Ice                          4
Comestibles
 d - 10 bread rations
 f - 12 fruits
 s - 7 beef jerkies
 t - 3 chunks of flesh
 E - 2 meat rations
 F - 2 slices of pizza


   Skills:
 + Level 2.5 Fighting
 + Level 2.2 Short Blades
 + Level 0.8(1.1) Slings
 + Level 1.1(1.3) Throwing
 + Level 5.6 Dodging
 + Level 8.0 Stealth
 * Level 8.4 Spellcasting
 * Level 5.3 Conjurations
 * Level 8.1 Hexes
 * Level 4.1 Fire Magic
 + Level 2.0 Invocations


You had 16 spell levels left.
You knew the following spells:

 Your Spells              Type           Power        Failure   Level  Hunger
a - Corona                Hex            #####..      1%          1    None
b - Confuse               Hex            #####...     1%          3    None
c - Ensorcelled Hibernat  Hex/Ice        ###...       2%          2    None
d - Flame Tongue          Conj/Fire      ###..        1%          1    None
e - Dazzling Spray        Conj/Hex       ####....     1%          3    None


Dungeon Overview and Level Annotations

Branches:
Dungeon (10/15)            Temple (1/1) D:5
   Lair: D:8-11         Orc: D:9-12

Altars:
Cheibriados
Elyvilon
Fedhas
Kikubaaqudgha
Makhleb
Nemelex Xobeh
Okawaru
Qazlal
Ru
Sif Muna
Vehumet
Xom
Yredelemnul
Zin
The Shining One

Shops:
D:7 *   D:10 (

Annotations:
D:4 onwiheg's ghost, experienced VSBe
D:5 Menkaure
D:7 asdu's ghost, experienced DsWn
D:10 Harold


Innate Abilities, Weirdness & Mutations

You have razor-sharp teeth.
You heal very quickly.
When hurt, damage is shared between your health and your magic reserves.
Your bite disrupts and absorbs the magic of your enemies.
Potions and wands cannot restore your health.
You are immune to rotting.


Message History

You feel sick.
The guardian serpent coils itself and waves its upper body at you.
The bolt of poison hits you!
You are more poisoned.
You feel sick.
You feel very sick.
The guardian serpent casts a spell at you.
The bolt of poison hits you!
You are lethally poisoned!
* * * LOW HITPOINT WARNING * * *
* * * LOW HITPOINT WARNING * * *
You feel very sick.
The guardian serpent weaves intricate patterns with the tip of its tongue.
The orc completely misses you.
The orc priest invokes the aid of Beogh against you.
Something smites you!
* * * LOW HITPOINT WARNING * * *
Really attack while wielding your +0 blowgun?
Okay, then.
Are you sure you want to abandon this character and quit the game? (Confirm with "yes".)

.......
...^...
##l......
#........
##........
#####ol.!.....
#.S.oK{o......
#o####..>.....
#@# +........
#o# #.......#
#.# #..######
#.. ...# ###


zzY You could see a guardian serpent, an orc priest and an orc.

Vanquished Creatures
  Pikel (D:7)
  A centaur skeleton (D:10)
  Prince Ribbit (D:7)
  A trapdoor spider zombie (D:10)
  A shadow (D:10)
  A steam dragon (D:9)
  A yak (D:6)
  Edmund (D:5)
  2 water moccasins (D:8)
  2 orc warriors
  3 ice beasts
  2 sky beasts (D:8)
  4 centaurs
  8 ogres
  Blork the orc (D:5)
  2 big kobolds
  3 gnoll sergeants
  8 giant frogs
  Dowan (D:7)
  3 scorpions
  8 killer bees
  3 crimson imps
  3 giant frog zombies
  7 orc wizards
  A centaur zombie (D:6)
  A jelly (D:6)
  8 hounds
  4 orc priests
  2 quasits (D:8)
  4 iguanas
  Natasha (thrice) (D:2)
  5 worker ants
  2 hound zombies
  A hound skeleton (D:10)
  11 gnolls
  16 adders
  3 shadow imps
  3 oozes
  2 worms
  An adder skeleton (D:8)
  9 giant geckos
  30 orcs
  7 giant cockroaches
  13 goblins
  20 hobgoblins
  20 jackals
  22 kobolds
  A ball python (D:5)
  18 bats
  A giant gecko skeleton (D:4)
  7 giant newts
  5 quokkas
  2 quokka skeletons
  14 rats
304 creatures vanquished.

Vanquished Creatures (others)
  A slave (D:7)
  A sky beast (D:5)
  A phantom (D:7)
  An orc wizard (D:5)
  An orc priest (D:5)
  3 orcs (D:5)
8 creatures vanquished.

Grand Total: 312 creatures vanquished

Notes
Turn   | Place    | Note
--------------------------------------------------------------
     0 | D:1      | nubinia the Vine Stalker Enchanter began the quest for the Orb.
     0 | D:1      | Reached XP level 1. HP: 9/9 MP: 4/4
   183 | D:1      | Reached XP level 2. HP: 13/13 MP: 6/6
   458 | D:1      | Reached skill level 4 in Stealth
   602 | D:1      | Reached XP level 3. HP: 16/16 MP: 7/7
   607 | D:1      | Learned a level 3 spell: Confuse
  1087 | D:2      | Noticed Natasha
  1313 | D:2      | Killed Natasha
  1313 | D:2      | Reached skill level 1 in Short Blades
  1313 | D:2      | Reached XP level 4. HP: 3/21 MP: 1/9
  1412 | D:2      | Noticed Natasha
  1844 | D:3      | Reached XP level 5. HP: 23/25 MP: 7/10
  2201 | D:2      | You fall through a shaft!
  3058 | D:2      | Killed Natasha
  3079 | D:2      | Noticed Natasha
  3092 | D:2      | Killed Natasha
  3326 | D:4      | Reached skill level 1 in Fighting
  3326 | D:4      | Gained mutation: You heal very quickly. [Vine Stalker growth]
  3326 | D:4      | Reached XP level 6. HP: 30/30 MP: 12/12
  3330 | D:4      | Learned a level 2 spell: Ensorcelled Hibernation
  3387 | D:4      | Reached skill level 5 in Stealth
  3620 | D:4      | Found a glowing golden altar of the Shining One.
  3717 | D:4      | Found a blossoming altar of Fedhas.
  3775 | D:4      | Noticed onwiheg's ghost (experienced VSBe)
  4204 | D:4      | Reached XP level 7. HP: 31/33 MP: 9/13
  4585 | D:5      | Entered Level 5 of the Dungeon
  4618 | D:5      | Noticed Menkaure
  4729 | D:5      | Noticed Blork the orc
  4738 | D:5      | Killed Blork the orc
  4795 | D:5      | Found a staircase to the Ecumenical Temple.
  4844 | D:5      | Noticed Edmund
  4847 | Temple   | Entered the Ecumenical Temple
  4864 | Temple   | Became a worshipper of Sif Muna the Loreminder
  4896 | D:4      | Learned a level 1 spell: Flame Tongue
  5393 | D:5      | Reached skill level 5 in Hexes
  5670 | D:5      | Killed Edmund
  5670 | D:5      | Reached skill level 6 in Stealth
  5876 | D:5      | Reached skill level 1 in Conjurations
  5876 | D:5      | Gained mutation: You have razor-sharp teeth. [Vine Stalker growth]
  5876 | D:5      | Reached XP level 8. HP: 37/37 MP: 9/16
  6216 | D:6      | Reached skill level 5 in Spellcasting
  6330 | D:6      | Noticed a four-headed hydra
  6514 | D:6      | Acquired Sif Muna's first power
  6564 | D:6      | Learned a level 3 spell: Dazzling Spray
  7411 | D:6      | Reached skill level 1 in Invocations
  7437 | D:6      | Reached XP level 9. HP: 26/42 MP: 18/18
  7563 | D:6      | Acquired Sif Muna's second power
  7698 | D:6      | Reached skill level 1 in Fire Magic
  8168 | D:7      | Noticed Prince Ribbit
  8183 | D:7      | Killed Prince Ribbit
  8492 | D:7      | Found Kuaxt's General Store.
  8520 | D:7      | Bought 5 curare-tipped needles for 30 gold pieces
  8798 | D:7      | Noticed Dowan
  8886 | D:7      | Killed Dowan
  8981 | D:7      | Noticed asdu's ghost (experienced DsWn)
  9115 | D:7      | Reached skill level 7 in Hexes
  9194 | D:7      | Noticed Pikel
  9214 | D:7      | Killed Pikel
  9214 | D:7      | Reached skill level 5 in Dodging
  9214 | D:7      | Reached XP level 10. HP: 33/47 MP: 3/21
  9776 | D:8      | Found a snail-covered altar of Cheibriados.
  9945 | D:8      | Reached skill level 1 in Throwing
 11001 | D:8      | Upgraded the game from 0.17-a0-1078-g243345b to 0.17-a0-1093-g0b3cd89
 11161 | D:9      | Acquired Sif Muna's third power
 11206 | D:9      | Found a radiant altar of Vehumet.
 11209 | D:9      | Found a glowing silver altar of Zin.
 11242 | D:9      | Reached skill level 5 in Conjurations
 11253 | D:9      | Reached skill level 8 in Spellcasting
 11283 | D:9      | Upgraded the game from 0.17-a0-1093-g0b3cd89 to 0.17-a0-1105-gbe8b664
 11319 | D:9      | Found a burning altar of Makhleb.
 11319 | D:9      | Found a shimmering altar of Xom.
 11564 | D:9      | Found a sparkling altar of Nemelex Xobeh.
 11960 | D:10     | Entered Level 10 of the Dungeon
 11999 | D:10     | Noticed Harold
 12283 | D:10     | Noticed a hill giant
 12310 | D:10     | Reached XP level 11. HP: 45/51 MP: 24/24
 12342 | D:10     | Found Copraw's Antique Weapon Boutique.
 12343 | D:10     | Noticed a guardian serpent
 12349 | D:10     | HP: 2/51 [orc priest/divine providence (4)]
 12350 | D:10     | Quit the game

Vault maps used:
D:1:      tarquinn_simple_flora_water_d
D:2:      first_bread, serial_park_tiny_2, uniq_natasha
D:3:      grunt_ministairs_15
D:4:      nicolae_overflow_hidden_temple
D:5:      minmay_temple_entry_glass, lemuel_flamethrower_2, uniq_edmund,
          uniq_menkaure, uniq_blork_the_orc
D:6:      hangedman_cross_stitches
D:7:      serial_shops, shop, grunt_ogre_cave, uniq_prince_ribbit1, uniq_pikel,
          uniq_duvessa
D:8:      basic_altar
D:9:      grunt_temple_overflow_champion_of_chaos,
          gammafunk_temple_overflow_forgotten
D:10:     serial_shops, shop, nrook_guardian_serpent_ordinary, uniq_harold
Temple:   circular_temple_12

Action                   |  1- 3 |  4- 6 |  7- 9 | 10-12 || total
-------------------------+-------+-------+-------+-------++-------
Melee: Dagger            |   130 |   284 |   531 |   198 ||  1143
 Fire: Blowgun           |       |       |    16 |    32 ||    48
       Hunting sling     |       |       |    16 |    18 ||    34
 Cast: Corona            |    20 |    36 |    60 |    16 ||   132
       Confuse           |     1 |    15 |    15 |     2 ||    33
       Ensorcelled Hiber |       |     1 |     1 |       ||     2
       Dazzling Spray    |       |       |    40 |    92 ||   132
Invok: Channel Energy    |       |       |    19 |    29 ||    48
  Use: Scroll            |     3 |     4 |     6 |     9 ||    22
       Potion            |       |       |     1 |       ||     1
 Stab: Sleeping          |     6 |    12 |    10 |    13 ||    41
       Confused          |     2 |     8 |     3 |     1 ||    14
       Distracted        |       |       |     3 |       ||     3
       Invisible         |       |       |    15 |    12 ||    27
  Eat: Chunk             |     2 |    11 |    22 |    15 ||    50
